Map: Ruins of Seras

Players

Nuckzer - Winner!

  • Race: Zerg Zerg
  • League: Diamond

Kaldi

  • Race: Zerg Zerg
  • League: Master

VOD

Have the link to the VOD?

Description

Time

  • Played on: Feb. 8, 2016, 6:26 p.m.
  • Length: 11:56
Show
View Real Time Build Order
Export as new Build Order

Nuckzer Zerg - Winner!

Build Orders: Hatch First, Zergling Baneling 

Get SALT Encoding   

  12  0:01  Drone  
  13  0:08  Drone  
  14  0:17  Overlord  
  14  0:30  Extractor, Drone  
  15  0:37  Drone x2  
  17  0:56  Hatchery  
  16  1:02  Drone  
  17  1:15  Drone, Spawning Pool  
  17  1:20  Extractor  
  17  1:21  Drone  
  17  1:32  Drone x2  
  19  1:42  Overlord  
  19  1:49  Drone  
  20  2:02  Drone  
  20  2:04  Queen  
  23  2:09  Queen  
  23  2:10  Zergling x2  
  23  2:14  Zergling x2  
  27  2:32  Drone x4  
  27  2:33  Metabolic Boost  
  31  2:50  Queen  
  33  2:51  Overlord  
  33  2:52  Drone x2  
  35  3:01  Baneling Nest  
  34  3:08  Drone x2  
  35  3:35  Zergling x2  
  35  3:36  Zergling x14  
  43  3:44  Baneling x2  
  41  3:58  Baneling x3  
  36  4:03  Zergling x2  
  36  4:04  Zergling x14  
  44  4:15  Overlord  
  44  4:17  Overlord  
  44  4:31  Baneling x2  
  44  4:32  Baneling x3  
  44  4:45  Zergling x2  
  44  4:46  Zergling x18  
  44  4:47  Zergling x2  
  49  5:04  Zergling x10  
  48  5:11  Zergling x6  
  48  5:12  Zergling x2  
  51  5:14  Lair  
  51  5:16  Extractor  
  51  5:17  Drone  
  51  5:22  Baneling x3  
  51  5:42  Drone x4  
  43  6:01  Zergling x2  
  43  6:02  Zergling x12  
  43  6:04  Baneling x2  
  46  6:26  Zergling x10  
  51  6:36  Baneling x3  
  46  7:02  Spire  
  46  7:03  Drone x6  
  46  7:04  Drone  
  51  7:12  Baneling x2  
  48  7:16  Hatchery  
  48  7:20  Zergling x12  
  46  7:33  Extractor  
  46  7:34  Extractor  
  46  7:35  Drone x4  
  48  7:45  Zergling x2  
  48  7:46  Zergling x8  
  48  7:49  Zergling x2  
  54  7:54  Spore Crawler  
  54  7:56  Spore Crawler, Queen x2  
  55  8:08  Overlord x4  
  54  8:29  Mutalisk  
  54  8:30  Mutalisk x5  
  61  8:47  Spore Crawler  
  57  8:49  Mutalisk x2  
  59  8:58  Mutalisk  
  59  9:02  Zergling x14  
  68  9:14  Mutalisk  
  68  9:15  Mutalisk  
  72  9:28  Drone x2  
  72  9:30  Overlord x3  
  73  9:38  Baneling x2  
  73  9:39  Baneling  
  73  9:48  Mutalisk x2  
  77  10:00  Mutalisk  
  77  10:01  Mutalisk  
  77  10:04  Baneling x2  
  81  10:11  Drone x9  
  81  10:14  Extractor, Overlord x3  
  90  10:16  Extractor  
  87  10:25  Zergling x6  
  87  10:27  Overlord  
  89  10:37  Drone x4  
  89  10:38  Drone  
  89  10:42  Baneling x2  
  92  11:10  Drone x10  
  89  11:25  Zergling x2  
  89  11:26  Zergling x8  
  89  11:31  Drone  
  89  11:32  Drone  
Show
View Real Time Build Order
Export as new Build Order

Kaldi Zerg 

Build Orders: Hatch First, Zergling Baneling 

Get SALT Encoding   

  12  0:01  Drone  
  13  0:13  Overlord  
  13  0:22  Drone  
  14  0:36  Drone x3  
  17  0:48  Drone  
  18  1:01  Hatchery  
  17  1:05  Extractor  
  17  1:06  Drone  
  17  1:18  Spawning Pool  
  16  1:21  Drone  
  17  1:26  Drone  
  18  1:35  Drone  
  19  1:41  Drone  
  20  1:52  Overlord  
  20  2:05  Zergling x2  
  20  2:08  Metabolic Boost  
  21  2:10  Queen  
  21  2:13  Queen  
  21  2:14  Zergling x2  
  26  2:18  Drone  
  27  2:31  Baneling Nest  
  26  2:38  Drone x2  
  26  2:40  Zergling x4  
  30  2:52  Zergling x4  
  32  3:02  Zergling x4  
  34  3:18  Baneling x2  
  34  3:19  Baneling x2  
  34  3:22  Drone x2  
  34  3:25  Overlord x2  
  36  3:34  Overlord  
  36  3:45  Drone x6  
  36  4:03  Zergling x6  
  36  4:04  Drone  
  36  4:05  Drone x3  
  36  4:06  Extractor  
  36  4:08  Lair  
  42  4:10  Spine Crawler  
  42  4:15  Drone x2  
  43  4:20  Extractor  
  43  4:23  Baneling x2  
  42  4:24  Baneling  
  42  4:25  Baneling  
  42  4:29  Spine Crawler  
  41  4:36  Zergling x6  
  41  4:37  Drone  
  41  4:38  Drone x3  
  48  4:44  Baneling x2  
  48  4:48  Zergling x6  
  48  4:49  Zergling x2  
  48  5:04  Drone x3  
  48  5:14  Drone x4  
  46  5:19  Extractor  
  46  5:20  Spire  
  47  5:22  Drone  
  47  5:28  Baneling x3  
  48  5:32  Zergling x4  
  49  5:40  Spine Crawler, Zergling x4  
  49  5:48  Drone x3  
  51  5:50  Zergling x6  
  49  5:59  Zergling x4  
  35  6:05  Queen x2  
  38  6:12  Zergling x4  
  39  6:25  Zergling x12  
  38  6:46  Zergling x6  
  38  6:47  Zergling x4  
  40  7:00  Zergling x6  
  39  7:09  Mutalisk x2  
  41  7:18  Mutalisk  
  41  7:19  Mutalisk x2  
  42  7:29  Mutalisk  
  38  7:30  Mutalisk  
  38  7:33  Drone x2  
  44  7:42  Spine Crawler  
  43  7:50  Drone x4  
  47  7:57  Drone x2  
  49  8:03  Queen  
  51  8:06  Zergling x4  
  53  8:17  Queen  
  55  8:22  Zergling x4  
  56  8:57  Overseer  
  56  9:00  Mutalisk x2  
  60  9:07  Hatchery  
  59  9:12  Zerg Flyer Armor Level 1  
  59  9:20  Overlord x2  
  59  9:21  Overlord  
  59  9:23  Extractor  
  58  9:38  Queen  
  58  9:39  Mutalisk  
  58  9:40  Mutalisk x2  
  58  9:42  Zergling x4  
  58  9:43  Zergling x2  
  67  9:57  Mutalisk x2  
  69  10:06  Zergling x10  
  74  10:08  Drone x2  
  75  10:23  Drone x3  
  75  10:26  Extractor  
  74  10:29  Mutalisk  
  75  10:38  Drone x2  
  75  10:39  Spore Crawler  
  76  10:49  Mutalisk x2  
  74  11:10  Drone x4  
  74  11:11  Drone x3  
  81  11:15  Drone  
  79  11:25  Drone  
  79  11:26  Drone  
  79  11:29  Overlord x2  
Tags
 
Add a new tag
Caveats
  • Supply blocks, unpowered buildings, or Contaminate may cause inaccurate times.
  • Supply counts are checked every 10 seconds.